 Dungeon Crawl Stone Soup version 0.22-a0-246-gdc04c06 (webtiles) character file.

30 wolfsongas the Stinger (level 3, 0/28 HPs)
             Began as a Gnoll Wanderer on Feb 23, 2018.
             Slain by an adder skeleton (3 damage)
             ... on level 2 of the Dungeon.
             The game lasted 00:01:06 (1065 turns).

wolfsongas the Stinger (Gnoll Wanderer)             Turns: 1065, Time: 00:01:07

Health: 0/28       AC:  3    Str: 13    XL:     3   Next: 18%
Magic:  7/7        EV: 11    Int: 14    God:
Gold:   86         SH:  4    Dex: 16    Spells: 7/7 levels left

rFire    . . .     SeeInvis .   g - +1 dagger (venom)
rCold    . . .     Gourm    .   (no shield)
rNeg     . . .     Faith    .   d - +1 robe
rPois    .         Spirit   .   (no helmet)
rElec    .         Reflect  +   (no cloak)
rCorr    .         Harm     .   (no gloves)
MR       .....                  (no boots)
Stlth    ++........             j - +4 amulet of reflection
HPRegen  0.09/turn              (no ring)
MPRegen  0.10/turn              (no ring)

@: no status effects
A: distributed training, fangs 1, strong nose
a: no special abilities


You were on level 2 of the Dungeon.
You were hungry.

You visited 1 branch of the dungeon, and saw 2 of its levels.

You collected 86 gold pieces.

Inventory:

Hand Weapons
 g - a +1 dagger of venom (weapon)
Armour
 d - a +1 robe (worn)
Jewellery
 j - a +4 amulet of reflection (around neck)
Wands
 a - a wand of enslavement (15)
Scrolls
 h - 2 scrolls of identify
 i - a scroll of amnesia
Potions
 f - a potion of brilliance
Comestibles
 b - 5 rations


   Skills:
 + Level 2.5 Fighting
 + Level 0.6 Short Blades
 + Level 0.6 Long Blades
 + Level 0.6 Axes
 + Level 0.6 Maces & Flails
 + Level 0.6 Polearms
 + Level 0.6 Staves
 + Level 0.6 Slings
 + Level 2.5 Bows
 + Level 0.6 Crossbows
 + Level 0.6 Throwing
 + Level 2.5 Armour
 + Level 0.6 Dodging
 + Level 2.3 Stealth
 + Level 0.6 Shields
 + Level 0.6 Unarmed Combat
 + Level 2.8 Spellcasting
 + Level 0.4 Conjurations
 + Level 3.7 Hexes
 + Level 0.4 Charms
 + Level 0.4 Summonings
 + Level 0.4 Necromancy
 + Level 0.4 Translocations
 + Level 0.4 Transmutations
 + Level 0.4 Fire Magic
 + Level 0.4 Ice Magic
 + Level 0.4 Air Magic
 + Level 0.4 Earth Magic
 + Level 3.7 Poison Magic
 + Level 0.8 Invocations
 + Level 2.5 Evocations


You had 7 spell levels left.
You didn't know any spells.

Dungeon Overview and Level Annotations

Branches:
Dungeon (2/15)

Altars:


Innate Abilities, Weirdness & Mutations

Your experience applies equally to all skills.
You have very sharp teeth.
Your uncanny sense of smell can sniff out nearby items.


Message History

You hit the giant cockroach zombie.
The giant cockroach zombie is severely damaged.
The bat hits you.
* * * LOW HITPOINT WARNING * * *
The jackal skeleton closely misses you.
The adder skeleton bites you but does no damage.
The jackal skeleton bites you.
* * * LOW HITPOINT WARNING * * *
You block the giant cockroach zombie's attack.
You hit the adder skeleton.
The adder skeleton is severely damaged.
The bat misses you. You block the adder skeleton's attack.
The jackal skeleton closely misses you.
The giant cockroach zombie barely misses you.
You hit the adder skeleton.
The adder skeleton is almost destroyed.
The bat hits you.
* * * LOW HITPOINT WARNING * * *
The adder skeleton bites you.
You die...

##.## #........#.#......# #.#
##...#...#.###.#### #.#
##<.......# #.# #.#
#.##########.### *#.#** #.#
######.....# ,..#,**
*#+#*#....†.....#
*#..,,***.,,*#..........#****
*#.#,***,....#...Z.........,*
,*,*,**,,......b@ZZ.........**
,,,,,*,,,........Z..........,*
,,,,,+,,,.?............)....,*
,,,***,,,...................,*
,*,* **,,........>.........,,*
,,,* **,....#.........###****
**** **...######.##### *
***#+#**** *.# * *,,,,,,,,*
*,*


You could see a leopard gecko zombie, a giant cockroach zombie, a bat, an adder
skeleton and a jackal skeleton.

Vanquished Creatures
  An adder (D:2)
  A leopard gecko (D:1)
  A bat skeleton (D:2)
  2 giant cockroaches
  3 hobgoblins
  2 bats (D:2)
  A frilled lizard (D:2)
  5 goblins (D:1)
  3 rats
19 creatures vanquished.

Notes
Turn   | Place    | Note
-------+----------+-------------------------------------------
     0 | D:1      | wolfsongas the Gnoll Wanderer began the quest for the Orb.
     0 | D:1      | wolfsongas set off with: a wand of enslavement (15), a ration, a +0 robe, a +0 dagger
     0 | D:1      | Reached XP level 1. HP: 17/17 MP: 4/4
   322 | D:1      | Reached XP level 2. HP: 23/23 MP: 5/5
   712 | D:2      | Reached XP level 3. HP: 17/28 MP: 7/7
  1065 | D:2      | Slain by an adder skeleton

Vault maps used:
D:1:      kilobyte_arrival_exit_the_forest, serial_bayou_lagoon_b
D:2:      serial_undead, serial_undead_e, serial_undead_d, serial_undead_d,
          serial_undead_a, serial_undead_d, serial_undead_f

Action                   || total
-------------------------++-------
Melee: Dagger            ||    61
       Bite              ||     4
  Use: Scroll            ||     7
 Stab: Sleeping          ||     1
Armor: Robe              ||    36
Dodge: Dodged            ||    61
Block: Other             ||    10

Table legend:
 A = Spawn XP
 B = Non-spawn XP
 C = Spawn XP percentage of total XP
 D = Spawn monster count
 E = Non-spawn monster count
 F = Spawn count percentage of total count
 G = Total turns spent on level
                    A         B        C        D         E        F      G
               +---------+---------+-------+---------+---------+-------+---------
         Total |       0 |      43 |   0.0 |       0 |      19 |   0.0 |  1065
               +---------+---------+-------+---------+---------+-------+---------
           D:1 |       0 |      20 |   0.0 |       0 |      11 |   0.0 |   704
           D:2 |       0 |      23 |   0.0 |       0 |       8 |   0.0 |   361
               +---------+---------+-------+---------+---------+-------+---------
